 Dungeon Crawl Stone Soup version 0.30-a0-743-gbfdf073431 (webtiles) character file.

Game seed: 7031226878239300309

49 testman the Stinger (level 3, -2/24 HPs)
             Began as a Demonspawn Venom Mage on Feb 7, 2023.
             Slain by a goblin
             ... wielding a +0 club
             ... led by Robin
              (3 damage)
             ... on level 2 of the Dungeon.
             The game lasted 00:03:17 (1032 turns).

testman the Stinger (Demonspawn Venom Mage)         Turns: 1032, Time: 00:03:18

Health: -2/24      AC:  3    Str:  8    XL:     3   Next: 51%
Magic:  1/6        EV: 12    Int: 18    God:
Gold:   38         SH:  0    Dex: 13    Spells: 0/6 levels left

rFire   . . .      SeeInvis .    e - +2 whip (elec)
rCold   . . .      Faith    .    (no shield)
rNeg    + . .      Spirit   .    l - +1 robe {rN+}
rPois   .          Reflect  .    (no helmet)
rElec   .          Harm     .    (no cloak)
rCorr   .          Rampage  .    (no gloves)
Will    .....                    (no boots)
Stlth   ++                       (no amulet)
HPRegen 0.24/turn                (no ring)
MPRegen 0.10/turn                (no ring)

@: no status effects
A: demonic magic 1, demonic touch 1
a: no special abilities


You were on level 2 of the Dungeon.
You visited 1 branch of the dungeon, and saw 2 of its levels.

You collected 38 gold pieces.

Inventory:

Hand Weapons
 e - a +2 whip of electrocution (weapon)
Armour
 a - a +0 robe
 l - a +1 robe of positive energy (worn)
Scrolls
 c - a scroll of amnesia {unknown}
 d - 2 scrolls of identify {unknown}
 h - a scroll of butterflies {unknown}
 i - a scroll of poison {unknown}
Potions
 b - a potion of magic
 f - a potion of lignification {unknown}
 g - a potion of haste {unknown}
 j - a potion of flight {unknown}
 k - a potion of attraction {unknown}


   Skills:
 - Level 1.7 Dodging
 - Level 1.7 Stealth
 - Level 2.0 Spellcasting
 - Level 1.0 Transmutations
 + Level 2.9 Air Magic
 - Level 3.0 Poison Magic


You couldn't memorise any spells.
You knew the following spells:

 Your Spells              Type           Power      Damage    Failure   Level
a - Sting                 Tmut/Pois      36%        1d4       8%          1
b - Poisonous Vapours     Pois/Air       24%        N/A       9%          2
c - Mephitic Cloud        Conj/Pois/Air  8%         N/A       24%         3

Your spell library contained the following spells:

 Spells                   Type           Power      Damage    Failure   Level
 Olgreb's Toxic Radiance  Pois           12%        N/A       45%         4
 Inner Flame              Hex/Fire       1%         N/A       47%         3
 Cause Fear               Hex            0%         N/A       87%         4
 Discord                  Hex            0%         N/A       100%        8


Dungeon Overview and Level Annotations

Branches:
Dungeon (2/15)

Altars:

Annotations:
D:2 Robin


Innate Abilities, Weirdness & Mutations

Spells you cast may paralyse adjacent enemies.
Your touch may inflict minor irresistible damage on your foes.


Message History

The goblin shouts!
The goblin shouts!
You kill the goblin!
A hobgoblin comes into view.
Aiming: Sting (safe; 8% risk of failure)
Press: ? - help, Q - select action, (/) - cycle Shift-Dir - straight line, f - you
Okay, then.
Casting: Sting (safe; 8% risk of failure)
Confirm with . or Enter, or press ? or * to list all spells.
Aiming: Poisonous Vapours (safe; 9% risk of failure)
Press: ? - help, Dir - move target, f - Robin
Aim: Robin, wielding a +0 dagger, wearing a +0 animal skin and wearing a +0 helmet Poisonous vapours surround Robin!
Robin is poisoned.
Malevolent energies surge around you.
The hobgoblin shouts!
A goblin comes into view. It is wielding a +0 club. x2
Robin throws the goblin at you! The goblin hits you with a +0 club.
The goblin hits you with a +0 club.
You closely miss the goblin. The goblin closely misses you.
A goblin comes into view. It is wielding a +0 dagger.
You whack the goblin!
You kill the goblin!
Robin throws the goblin at you! The goblin hits you with a +0 dagger.
You barely miss the goblin. Your touch misses the goblin.
Robin looks more healthy.
The hobgoblin no longer looks unusually strong.
The goblin no longer looks unusually strong.
Robin throws the goblin at you! The goblin closely misses you.
A goblin comes into view. It is wielding a +1 dagger of speed.
You closely miss the goblin. Robin hits you but does no damage.
The goblin misses you. The goblin barely misses you.
You hit the goblin but do no damage. Lightning courses through the goblin!
You kill the goblin!
The goblin hits you with a +0 club.
* * * LOW HITPOINT WARNING * * *
Robin throws the goblin at you!
* * * LOW HITPOINT WARNING * * *
The goblin hits you with a +0 club.
You die...

#.##)#.# # ##.#.# gg #..#.#
.##. # #.##.# ... #.#.##.#
######### #.## # #......#
#.......##[..#.# #......#
#.#####.g.g....#
#.#.##.###.#####..).....##
#.#......(...g@gg..†.....#
....###.###.##g##...)....#.
.... ...# #.......#...<.#..
.##..(.### ###############
. ....# .#.# #. .


You could see Robin, a hobgoblin and 4 goblins.

Vanquished Creatures
  Jessica (D:2)
  An endoplasm (D:1)
  7 goblins
  4 hobgoblins
  3 jackals (D:1)
  2 kobolds (D:1)
  2 ball pythons
  A frilled lizard (D:1)
21 creatures vanquished.

Notes
Turn   | Place    | Note
-------+----------+-------------------------------------------
     0 | D:1      | testman the Demonspawn Venom Mage began the quest for the
                  | Orb.
     0 | D:1      | Reached XP level 1. HP: 13/13 MP: 3/3
   136 | D:1      | Reached skill level 1 in Transmutations
   218 | D:1      | Reached skill level 1 in Air Magic
   314 | D:1      | Gained mutation: Your touch may inflict minor irresistible
                  | damage on your foes. [demonic ancestry]
   314 | D:1      | Reached XP level 2. HP: 19/19 MP: 5/5
   909 | D:2      | Noticed Jessica
   919 | D:2      | Killed Jessica
   920 | D:2      | Gained mutation: Spells you cast may paralyse adjacent
                  | enemies. [demonic ancestry]
   920 | D:2      | Reached XP level 3. HP: 24/24 MP: 3/6
   923 | D:2      | Learned a level 2 spell: Poisonous Vapours
   927 | D:2      | Learned a level 3 spell: Mephitic Cloud
  1018 | D:2      | Noticed Robin
  1032 | D:2      | HP: 1/24 [Robin/goblin (3)]
  1032 | D:2      | Slain by a goblin

Illustrated notes

Levels and vault maps discovered:
D:1:      minmay_arrival_nine_rooms, layout_loops_ring,
          nicolae_figureground_pulse
D:2:      kennysheep_six_static_rooms, layout_loops_cross, uniq_natasha,
          uniq_robin, uniq_jessica

Skill      XL: |  1  2 |
---------------+-------+-----
Transmutations | 1 |  1.0
Air Magic      | 1 2 |  2.9
Dodging        | |  1.7
Stealth        | |  1.7
Spellcasting   | |  2.0
Poison Magic   | |  3.0

Action                     || total
---------------------------++-------
  Melee: Whip              ||    37
         Touch             ||     3
   Cast: Sting             ||    13
         Poisonous Vapours ||     1
   Stab: Sleeping          ||     2
 Armour: Robe              ||     7
  Dodge: Dodged            ||    20

Table legend: (Time is in decaauts)
 A = Elapsed time spent in this place.
 B = Non-inter-level travel time spent in this place.
 C = Inter-level travel time spent in this place.
 D = Time resting spent in this place.
 E = Time spent auto-exploring this place.
 F = Levels seen in this place.
 G = Mean time per level.
                   A        B        C        D        E       F      G
               +--------+--------+--------+--------+--------+-----+--------+
         Total |   1034 |    975 |     59 |     22 |    813 |   2 |  517.0 |
       Dungeon |   1034 |    975 |     59 |     22 |    813 |   2 |  517.0 |
               +--------+--------+--------+--------+--------+-----+--------+

Top non-repeatable levels by time:
     D:1: 908 daAuts
     D:2: 126 daAuts
